 Dungeon Crawl Stone Soup version 0.23.1 (webtiles) character file.

Game seed: 0

128849 Peloso the Peltast (level 16, -16/147 HPs)
             Began as a Minotaur Fighter on Mar 6, 2019.
             Was the Champion of Okawaru.
             Demolished by a spriggan rider
             ... wielding a +0 spear
              (19 damage)
             ... on level 1 of the Swamp on Mar 7, 2019.
             The game lasted 01:33:23 (29181 turns).

Peloso the Peltast (Minotaur Fighter)              Turns: 29181, Time: 01:33:29

Health: -16/147    AC:  0    Str: 26    XL:     16   Next: 49%
Magic:  16/16      EV: 17    Int:  5    God:    Okawaru [******]
Gold:   2524       SH:  6    Dex: 12    Spells: 15/15 levels left

rFire    . . .     SeeInvis .   (weapon currently unavailable)
rCold    . . .     Gourm    .   (shield currently unavailable)
rNeg     . . .     Faith    .   (armour currently unavailable)
rPois    .         Spirit   .   (helmet currently unavailable)
rElec    .         Reflect  +   (cloak currently unavailable)
rCorr    .         Harm     .   (gloves currently unavailable)
MR       +....                  (boots currently unavailable)
Stlth    ++........             y - +6 amulet of reflection
HPRegen  0.34/turn              (ring currently unavailable)
MPRegen  0.15/turn              (ring currently unavailable)

@: about to teleport, pig-form, slowed
A: small, (retaliatory headbutt)
a: Heroism, Finesse, Renounce Religion


You were on level 1 of the Swamp.
You worshipped Okawaru.
Okawaru was exalted by your worship.
You were not hungry.
You were a filthy swine.
You visited 5 branches of the dungeon, and saw 25 of its levels.
You also visited: Bailey, Gauntlet and Volcano.

You collected 3519 gold pieces.
You spent 995 gold pieces at shops.

Inventory:

Hand Weapons
 a - the +10 double sword of Resourcefulness (melded) {freeze, rElec rC+ Dex+3}
   (Okawaru gifted it to you on level 5 of the Lair of Beasts)

   It has been specially enchanted to freeze those struck by it, causing extra
   injury to most foes and up to half again as much damage against particularly
   susceptible opponents.
   It can also slow down cold-blooded creatures.
   It affects your dexterity (+3).
   It protects you from cold.
   It insulates you from electricity.
 A - the +11 plutonium sword {*Contam Stlth-}
   (You took it off a minotaur in a Gauntlet)

   It causes magical contamination when unequipped.
   It makes you less stealthy.
 M - a +4 scimitar of flaming
Armour
 c - a +0 shield of cold resistance (melded)
 e - a +2 pair of gloves of dexterity (melded)
 g - a +1 hat (melded)
 l - the +3 scale mail "Wuozxaz" {Str+4, unknown}
   (You found it on level 1 of the Swamp)

   It affects your strength (+4).
 x - the +1 pair of boots of the Arcane (melded) {rN+}
   (You found it on level 4 of the Dungeon)

   It protects you from negative energy.
 C - a +2 plate armour of fire resistance
 D - a +1 plate armour of magic resistance
 K - a scarf of repulsion
 Q - a +1 chain mail of poison resistance (melded)
 R - a +0 pair of gloves of dexterity
 Z - a +2 cloak of invisibility (melded)
Jewellery
 b - a +3 ring of strength
 o - the ring "Caukluev" (melded) {MR+ Dex+2 SInv}
   (You found it in a Gauntlet)

   [ring of see invisible]

   It affects your dexterity (+2).
   It affects your resistance to hostile enchantments.
   It lets you see invisible.
 w - the amulet of the Shrike {Faith Int-3 SInv Stlth+}
   (You took it off a minotaur in a Gauntlet)

   [amulet of faith]

   It allows you to gain divine favour quickly.
   It affects your intelligence (-3).
   It lets you see invisible.
   It makes you more stealthy.
 y - a +6 amulet of reflection (around neck)
 F - an uncursed ring of resist corrosion
 G - a +6 ring of strength (melded)
Wands
 E - a wand of digging (7)
Scrolls
 m - 3 scrolls of enchant weapon
 n - 8 scrolls of teleportation
 p - a scroll of identify
 u - a scroll of summoning
 v - 5 scrolls of remove curse
 H - a scroll of blinking {unknown}
 U - a scroll of fear
 W - 2 scrolls of magic mapping
Potions
 d - 8 potions of might
 h - 2 potions of flight
 i - a potion of resistance
 j - 8 potions of heal wounds
 k - 2 potions of agility
 r - 12 potions of curing
 B - 4 potions of berserk rage
 L - a potion of mutation
 N - 2 potions of invisibility
Comestibles
 f - 47 rations
 q - 5 chunks of flesh


   Skills:
 + Level 14.6 Fighting
 + Level 17.9 Long Blades
 + Level 14.1 Armour
 + Level 5.2 Dodging
 + Level 1.9 Stealth
 + Level 20.6 Shields
 + Level 1.9 Invocations
 + Level 0.5 Evocations


You had 15 spell levels left.
You didn't know any spells.
Your spell library contained the following spells:

 Spells                   Type           Power        Failure   Level  Hunger
 Apportation              Tloc           #.....       47%         1    ##.....
 Beastly Appendage        Tmut           #.....       47%         1    ##.....
 Shock                    Conj/Air       #...         47%         1    ##.....
 Summon Butterflies       Summ           #.......     47%         1    ##.....
 Passwall                 Tmut/Erth      #.......     63%         2    ###....
 Poisonous Vapours        Pois/Air       #.....       63%         2    ###....
 Sticks to Snakes         Tmut           #.......     63%         2    ###....
 Swiftness                Chrm/Air       #.......     63%         2    ###....
 Conjure Flame            Conj/Fire      #.......     85%         3    ####...
 Ignite Poison            Fire/Tmut/Pois #.......     85%         3    ####...
 Lesser Beckoning         Tloc           #.........   85%         3    ####...
 Mephitic Cloud           Conj/Pois/Air  #.......     85%         3    ####...
 Spider Form              Tmut/Pois      #.........   85%         3    ####...
 Tukima's Dance           Hex            #.......     85%         3    ####...
 Airstrike                Air            #.........   99%         4    #####..
 Ice Form                 Ice/Tmut       #.......     99%         4    #####..
 Passage of Golubria      Tloc           N/A          99%         4    #####..
 Alistair's Intoxication  Tmut/Pois      #.......     100%        5    ######.
 Blade Hands              Tmut           #.........   100%        5    ######.
 Lee's Rapid Deconstruct  Erth           #.........   100%        5    ######.
 Darkness                 Hex            #.........   100%        6    #######
 Freezing Cloud           Conj/Ice/Air   #.........   100%        6    #######
 Invisibility             Hex            #.......     100%        6    #######
 Ring of Flames           Chrm/Fire      #.........   100%        7    #######
 Controlled Blink         Tloc           N/A          100%        8    #######


Dungeon Overview and Level Annotations

Branches:
Dungeon (15/15)            Temple (1/1) D:6            Lair (6/6) D:9
  Swamp (1/4) Lair:4        Snake (0/4) Lair:3        Slime (0/5) Lair:6
    Orc (2/2) D:12            Elf (0/3) Orc:2        Vaults (0/5) D:14
 Depths (0/5) D:15

Altars:
Cheibriados
Dithmenos
Elyvilon
Fedhas
Gozag
Hepliaklqana
Makhleb
Nemelex Xobeh
Okawaru
Trog
Uskayaw
Xom
The Shining One
Beogh
Jiyva

Shops:
D:6 (   D:12 ?   D:14 *   Orc:2 :[(*[

Portals:
Trove: D:12 (give +3 storm dragon scales)

Annotations:
Swamp:1 Frances, Kirke


Innate Abilities, Weirdness & Mutations

((You reflexively headbutt those who attack you in melee.))
((You have a pair of horns on your head.))


Message History

You block the harpy's attack. The harpy claws you.
The spriggan rider barely misses you. The hog misses you.
The harpy screeches!
You hear a shout!
You block the harpy's attack. The harpy claws you. The harpy claws you! x2
* * * LOW HITPOINT WARNING * * *
The hog misses you.
As you read the scroll of teleportation, it crumbles to dust.
You feel strangely unstable.
The harpy screeches!
The harpy claws you!
* * * LOW HITPOINT WARNING * * *
The harpy claws you.
* * * LOW HITPOINT WARNING * * *
The harpy closely misses you. The harpy claws you!
* * * LOW HITPOINT WARNING * * *
Frances mutters in a terrible tongue.
The hog bites you!
* * * LOW HITPOINT WARNING * * *
The spriggan rider hits you from afar with a +0 spear!!
You die...

♣≈.≈≈..≈.......####...
♣....................
♣.≈♣♣......3..≈≈≈.≈t.
♣♣..≈/.≈≈4hh.≈≈≈≈≈≈≈..
♣≈t....≈..@≈≈.≈≈≈≈≈≈♣
♣.H......h≈≈≈.$≈≈≈♣♣
♣.≈.hhi4..(≈.†♣≈≈♣..≈
♣...§h.hn.≈≈.≈♣ ♣♣
♣♣≈.hHi≈≈≈≈≈.≈♣
♣≈.≈≈≈.≈≈≈§≈♣♣
♣♣§..♣♣♣..♣♣♣ ♣♣♣♣≈...♣
♣♣♣♣ ♣♣...≈.♣♣♣
♣.....≈≈♣♣♣♣♣♣
♣♣....≈≈......♣♣♣♣ ♣♣
♣.≈≈..≈≈≈≈≈≈<...≈♣♣ ≈♣♣
♣.≈≈≈≈≈≈≈≈≈≈≈..≈≈.♣♣≈.♣♣♣


You could see Frances, an alligator, 2 spriggan riders, an orange demon, a bog
body, 2 harpies, a smoke demon, 7 hogs and a chaos spawn.

Vanquished Creatures
  Rupert (D:15)
  A sphinx (D:11)
  An orc warlord (Orc:2)
  3 entropy weavers (Lair:3)
  A minotaur (Gauntlet)
  The ghost of Mimig the Martial Artist, a journeyman GnTm of Okawaru (Lair:6)
  Azrael (D:15)
  A red draconian (Volcano)
  The ghost of PeterQ the Nimble, a journeyman GnGl of the Shining One (D:11)
  The ghost of Onnoawot the Thaumaturge, a journeyman DEEE of Vehumet (D:13)
  A death ooze (Gauntlet)
  8 vault guards (D:14)
  A rakshasa (D:15)
  2 ghost crabs (Lair:3)
  5 centaur warriors
  5 hydras
  3 catoblepae (Lair:6)
  2 death knights
  The ghost of P0WERM0DE the Champion of Chaos, a novice DDFi of Makhleb (Orc:1)
  An alligator (Swamp:1)
  2 two-headed ogres
  11 death yaks (Lair:6)
  4 tengu warriors
  2 orc high priests
  Urug (D:13)
  2 skeletal warriors (D:15)
  4 unseen horrors
  5 fire crabs
  2 wizards (D:14)
  2 phantasmal warriors (D:15)
  6 orc knights
  2 necromancers
  3 wolf spider zombies
  5 orc sorcerers
  A wolf spider (D:15)
  9 ugly things
  5 deep elf magi
  3 manticores
  6 cyclopes
  An elephant (D:9)
  Maurice (D:9)
  7 black mambas
  9 spiny frogs
  5 centaur zombies
  2 gargoyles
  The ghost of cada the Slasher, a novice OpFi of Cheibriados (D:7)
  A kobold demonologist (D:14)
  A spriggan zombie (D:15)
  4 freezing wraiths
  3 efreet
  A rime drake (Lair:3)
  2 yaktaurs
  A tengu conjurer (D:13)
  9 komodo dragons
  A queen bee (shapeshifter) (D:13)
  A guardian mummy (D:15)
  6 trolls
  4 hornets
  10 blink frogs
  A tyrant leech (Swamp:1)
  3 slime creatures
  9 hippogriffs
  An ice dragon skeleton (D:15)
  4 shadows
  A vampire (D:10)
  4 fire bats (Gauntlet)
  2 wyverns
  A human (D:8)
  4 wraiths
  A hog (shapeshifter) (D:13)
  4 hogs (D:8)
  65 yaks
  5 basilisks
  6 hungry ghosts
  2 fire elementals (D:15)
  Edmund (D:5)
  2 vampire mosquitoes (D:15)
  A soldier ant (D:13)
  5 acid dragons
  5 wargs
  2 swamp worms (Swamp:1)
  4 hell hounds
  18 water moccasins
  6 porcupines
  39 orc warriors
  2 black bears
  3 ice beasts
  A swamp drake (Swamp:1)
  2 necrophages
  2 eyes of draining
  4 sky beasts
  12 ogres
  12 wolves
  4 phantoms
  18 centaurs
  7 big kobolds
  16 crocodiles
  25 bullfrogs
  12 gnoll sergeants
  6 scorpions
  2 tengu zombies (D:15)
  A wyvern skeleton (D:8)
  10 killer bees
  25 wights
  2 howler monkeys
  4 electric eels (Lair:1)
  9 crimson imps
  5 bullfrog zombies
  2 quasits (D:9)
  9 hounds
  5 jellies
  16 orc priests
  5 centaur skeletons
  25 orc wizards
  2 bullfrog skeletons
  7 gnoll shamans
  3 iguanas
  8 worker ants
  2 hell rats (Lair:6)
  A killer bee zombie (D:8)
  2 hound zombies
  2 hound skeletons
  A howler monkey zombie (D:8)
  42 gnolls
  8 river rats (Lair:6)
  17 adders
  3 howler monkey skeletons
  6 shadow imps
  A worker ant simulacrum (D:11)
  3 oozes
  An adder zombie (D:8)
  A dart slug (D:2)
  3 leopard geckos
  105 orcs
  8 bats
  5 giant cockroaches
  7 goblins
  5 hobgoblins
  13 jackals
  3 quokkas
  A ball python skeleton (D:4)
  A ball python zombie (D:5)
  4 frilled lizards
  15 kobolds
  A leopard gecko skeleton (D:8)
  2 quokka skeletons
  9 rats
  5 fungi
  3 plants
928 creatures vanquished.

Vanquished Creatures (others)
  A centaur warrior (Volcano)
  2 cyclopes
  An apocalypse crab (Lair:3)
  A yaktaur (Volcano)
  6 centaurs
  A jelly (D:15)
  29 fungi
  22 plants
63 creatures vanquished.

Grand Total: 991 creatures vanquished

Notes
Turn   | Place    | Note
-------+----------+-------------------------------------------
     0 | D:1      | Peloso the Minotaur Fighter began the quest for the Orb.
     0 | D:1      | Reached XP level 1. HP: 19/19 MP: 0/0
     1 | D:1      | Found a runed translucent door.
   232 | D:1      | Reached XP level 2. HP: 27/27 MP: 1/1
   733 | D:1      | Reached XP level 3. HP: 31/33 MP: 2/2
   741 | D:1      | Reached skill level 4 in Shields
   879 | D:2      | Reached XP level 4. HP: 26/41 MP: 3/3
  1131 | D:2      | Found a bloodstained altar of Trog.
  1475 | D:2      | Reached XP level 5. HP: 47/47 MP: 4/4
  1743 | D:3      | Reached skill level 5 in Shields
  2117 | D:3      | Found a burning altar of Makhleb.
  2120 | D:3      | Found a hazy altar of Hepliaklqana.
  2123 | D:3      | Found a hide-covered altar of Uskayaw.
  2261 | D:3      | Found a white marble altar of Elyvilon.
  2261 | D:3      | Found an opulent altar of Gozag.
  2326 | D:4      | Reached XP level 6. HP: 19/55 MP: 5/5
  2560 | D:4      | Reached skill level 5 in Fighting
  2560 | D:4      | Reached skill level 5 in Armour
  2582 | D:4      | Reached skill level 5 in Long Blades
  2700 | D:4      | Reached skill level 6 in Shields
  2707 | D:4      | Reached XP level 7. HP: 61/61 MP: 6/6
  2731 | D:4      | Reached skill level 1 in Dodging
  2735 | D:4      | Got a pair of polished boots
  2741 | D:4      | Identified the +1 pair of boots of the Arcane {rN+} (You
                  | found it on level 4 of the Dungeon)
  3391 | D:5      | Entered Level 5 of the Dungeon
  3587 | D:6      | Found a snail-covered altar of Cheibriados.
  3588 | D:6      | Found a staircase to the Ecumenical Temple.
  3591 | D:6      | Reached XP level 8. HP: 59/70 MP: 7/7
  3635 | D:6      | Reached skill level 7 in Shields
  4151 | D:5      | Noticed Edmund
  4162 | D:5      | Killed Edmund
  4162 | D:5      | Reached skill level 8 in Shields
  4969 | D:7      | Reached XP level 9. HP: 73/78 MP: 8/8
  5258 | Temple   | Entered the Ecumenical Temple
  5264 | Temple   | Became a worshipper of Warmaster Okawaru
  5410 | D:7      | Found a runed translucent gate.
  5410 | D:7      | Found a runed translucent gate.
  5410 | D:7      | Found a runed translucent gate.
  5412 | D:7      | Found an opulent altar of Gozag.
  5415 | D:7      | Noticed cada's ghost (novice OpFi)
  5551 | D:7      | Reached skill level 9 in Shields
  5910 | D:6      | Reached * piety under Okawaru
  6153 | D:6      | Found Lidden's Weapon Shoppe.
  6193 | D:6      | Bought a +2 long sword of flaming for 201 gold pieces
  6554 | D:8      | Reached skill level 10 in Long Blades
  6597 | D:8      | Found a sparkling altar of Nemelex Xobeh.
  6715 | D:8      | Reached skill level 10 in Shields
  6963 | D:8      | Reached ** piety under Okawaru
  6986 | D:8      | Found a glowing golden altar of the Shining One.
  7022 | D:8      | Reached XP level 10. HP: 86/86 MP: 9/9
  7187 | D:8      | Noticed an unseen horror
  7201 | D:8      | Killed an unseen horror
  7201 | D:8      | Reached skill level 11 in Shields
  7207 | D:8      | Reached *** piety under Okawaru
  7507 | D:8      | Noticed a manticore
  7533 | D:8      | Killed a manticore
  7828 | D:8      | Got a crystal great sword
  7984 | D:8      | Reached skill level 12 in Shields
  8178 | D:7      | Killed cada's ghost
  8178 | D:7      | Reached **** piety under Okawaru
  8419 | D:9      | Found a flagged portal.
  8437 | Bailey   | Entered a bailey
  8707 | Bailey   | Reached XP level 11. HP: 53/94 MP: 10/10
  9562 | D:9      | Found a staircase to the Lair.
  9577 | D:9      | Reached ***** piety under Okawaru
  9577 | D:9      | Reached skill level 13 in Shields
  9756 | D:9      | Noticed Maurice
  9771 | D:9      | Killed Maurice
  9791 | D:9      | Found a hazy altar of Hepliaklqana.
 10306 | D:10     | Entered Level 10 of the Dungeon
 10321 | D:9      | Received a gift from Okawaru
 10449 | D:10     | Noticed a red ugly thing
 10457 | D:10     | Killed a red ugly thing
 10523 | D:10     | Noticed an unseen horror
 10529 | D:10     | Killed an unseen horror
 10583 | D:10     | Reached skill level 14 in Shields
 10802 | D:10     | Got a steaming falchion
 10803 | D:10     | Identified the cursed +2 falchion "Wuruof" {freeze, rF+
                  | MP+9 Str-2} (You found it on level 10 of the Dungeon)
 11296 | D:11     | Received a gift from Okawaru
 11333 | D:11     | Noticed a red ugly thing
 11339 | D:11     | Killed a red ugly thing
 11339 | D:11     | Reached XP level 12. HP: 105/105 MP: 11/11
 11599 | D:11     | Found a runed translucent gate.
 11605 | D:11     | Found a runed translucent gate.
 11605 | D:11     | Found a runed translucent gate.
 11606 | D:11     | Found an opulent altar of Gozag.
 11607 | D:11     | Noticed a two-headed ogre
 11607 | D:11     | Noticed PeterQ's ghost (journeyman GnGl)
 11607 | D:11     | Noticed a sphinx
 11680 | D:11     | Killed PeterQ's ghost
 11685 | D:11     | Killed a sphinx
 11685 | D:11     | Reached skill level 1 in Invocations
 11690 | D:11     | Killed a two-headed ogre
 11690 | D:11     | Reached skill level 10 in Armour
 11987 | D:11     | Reached skill level 15 in Shields
 12152 | D:12     | Found a portal to a secret trove of treasure.
 12212 | D:12     | Received a gift from Okawaru
 12212 | D:12     | Reached skill level 10 in Fighting
 12497 | D:12     | Reached ****** piety under Okawaru
 12537 | D:12     | Identified the Compendium of Axaxaxas mlö
 12544 | D:12     | Identified the Tome of Dhcmrlchtdj
 12626 | D:12     | Identified the Compendium of Sand
 12633 | D:12     | Found Vemiffas's Magic Scroll Shop.
 12643 | D:12     | Bought a scroll of enchant weapon for 112 gold pieces
 12643 | D:12     | Bought a scroll of enchant armour for 112 gold pieces
 12643 | D:12     | Bought a scroll of teleportation for 45 gold pieces
 12643 | D:12     | Bought a scroll of magic mapping for 52 gold pieces
 12643 | D:12     | Bought a scroll of identify for 30 gold pieces
 12885 | D:12     | Found a staircase to the Orcish Mines.
 13135 | Lair:1   | Entered Level 1 of the Lair of Beasts
 13239 | Lair:1   | Reached XP level 13. HP: 112/114 MP: 12/12
 14250 | Lair:2   | Received a gift from Okawaru
 14250 | Lair:2   | Reached skill level 16 in Shields
 14476 | Lair:2   | Found a shimmering altar of Xom.
 14537 | Lair:2   | Got a translucent war axe
 14538 | Lair:2   | Identified the +11 war axe of Valour {holy, rPois Str+2
                  | Dex-2} (You found it on level 2 of the Lair of Beasts)
 14540 | Lair:2   | Identified the +2 great sword of the Middle {elec, Int+2}
                  | (You found it on level 8 of the Dungeon)
 15467 | Lair:3   | Found a staircase to the Snake Pit.
 15865 | Lair:3   | Found a runed translucent door.
 16053 | Lair:3   | Noticed an entropy weaver
 16080 | Lair:3   | HP: 4/116 [entropy weaver (8)]
 16333 | Lair:3   | Killed an entropy weaver
 16519 | Lair:3   | Noticed an entropy weaver
 16523 | Lair:3   | Reached skill level 15 in Long Blades
 16533 | Lair:3   | Killed an entropy weaver
 16603 | Lair:3   | Noticed an entropy weaver
 16619 | Lair:3   | Killed an entropy weaver
 16841 | Lair:3   | Reached skill level 17 in Shields
 17172 | Lair:4   | Reached skill level 1 in Stealth
 17201 | Lair:4   | Found a dark tunnel.
 17206 | Volcano  | Entered a volcano
 17227 | Volcano  | Found a burning altar of Makhleb.
 17295 | Volcano  | Noticed a red draconian
 17312 | Volcano  | Killed a red draconian
 17312 | Volcano  | Reached XP level 14. HP: 106/125 MP: 14/14
 17985 | Lair:4   | Found a staircase to the Swamp.
 18518 | Lair:5   | Received a gift from Okawaru
 18523 | Lair:5   | Got a crystal double sword {god gift}
 18524 | Lair:5   | Identified the +10 double sword of Resourcefulness {freeze,
                  | rElec rC+ Dex+3} (Okawaru gifted it to you on level 5 of
                  | the Lair of Beasts)
 19000 | Lair:6   | Entered Level 6 of the Lair of Beasts
 19253 | Lair:6   | Reached skill level 18 in Shields
 19262 | Lair:6   | Received a gift from Okawaru
 20095 | Lair:6   | Reached skill level 5 in Dodging
 20107 | Lair:6   | Got a scorched fustibalus
 20108 | Lair:6   | Identified the +5 fustibalus of the Sage {velocity, -Tele
                  | rC+++ rN+} (You found it on level 6 of the Lair of Beasts)
 20255 | Lair:6   | Found a viscous altar of Jiyva.
 20257 | Lair:6   | Found a staircase to the Slime Pits.
 20369 | Lair:6   | Received a gift from Okawaru
 20616 | Lair:6   | Found a large runed translucent door.
 20616 | Lair:6   | Found a large runed translucent door.
 20620 | Lair:6   | Noticed Mimig's ghost (journeyman GnTm)
 20672 | Lair:6   | Killed Mimig's ghost
 21468 | Orc:1    | Entered Level 1 of the Orcish Mines
 21553 | Orc:2    | Entered Level 2 of the Orcish Mines
 21553 | Orc:2    | Found Jiuvvoq's General Store.
 21553 | Orc:2    | Noticed an orc warlord
 21564 | Orc:2    | Found a staircase to the Elven Halls.
 21575 | Orc:2    | Found Xyvuq's Antique Armour Emporium.
 21588 | Orc:2    | Found Reate's Antique Armour Boutique.
 21610 | Orc:2    | Found a gate leading to a gauntlet.
 21618 | Gauntlet | Entered a Gauntlet
 21618 | Gauntlet | Found a transporter.
 21618 | Gauntlet | Found a transporter.
 21618 | Gauntlet | Found a large runed translucent door.
 21618 | Gauntlet | Found a large runed translucent door.
 21618 | Gauntlet | Found a large runed translucent door.
 21618 | Gauntlet | Found a large runed translucent door.
 21618 | Gauntlet | Found a large runed translucent door.
 21618 | Gauntlet | Found a large runed translucent door.
 21618 | Gauntlet | Found a runed translucent door.
 21618 | Gauntlet | Found a runed translucent door.
 21618 | Gauntlet | Found a large runed translucent door.
 21618 | Gauntlet | Found a large runed translucent door.
 21618 | Gauntlet | Found a large runed translucent door.
 21618 | Gauntlet | Found a large runed translucent door.
 21618 | Gauntlet | Found a large runed translucent door.
 21618 | Gauntlet | Found a large runed translucent door.
 22106 | Gauntlet | Found a large runed translucent door.
 22106 | Gauntlet | Found a large runed translucent door.
 22107 | Gauntlet | Found a runed translucent gate.
 22107 | Gauntlet | Found a runed translucent gate.
 22107 | Gauntlet | Found a runed translucent gate.
 22109 | Gauntlet | Found a transporter.
 22120 | Gauntlet | Found a large runed translucent door.
 22121 | Gauntlet | Found a large runed translucent door.
 22126 | Gauntlet | Found a transporter.
 22143 | Gauntlet | Noticed an entropy weaver
 22145 | Gauntlet | Found a transporter.
 22159 | Gauntlet | Found a transporter.
 22180 | Gauntlet | Found a transporter.
 22259 | Gauntlet | Found a transporter.
 22267 | Gauntlet | Found a transporter.
 22270 | Gauntlet | Found a transporter.
 22273 | Gauntlet | Found a transporter.
 22285 | Gauntlet | Found a transporter.
 22327 | Gauntlet | Found a transporter.
 22370 | Gauntlet | Found a transporter.
 22391 | Gauntlet | Found a transporter.
 22416 | Gauntlet | Found a transporter.
 22599 | Gauntlet | Reached XP level 15. HP: 131/134 MP: 15/15
 22606 | Gauntlet | Got a heavily runed emerald amulet
 22608 | Gauntlet | Identified the amulet of Bothroku {Harm *Drain rC+ Dex-3
                  | Slay+2} (You found it in a Gauntlet)
 22670 | Gauntlet | Got a twitching bronze ring
 22672 | Gauntlet | Identified the ring "Caukluev" {MR+ Dex+2 SInv} (You found
                  | it in a Gauntlet)
 22695 | Gauntlet | Identified the amulet of the Shrike {Faith Int-3 SInv
                  | Stlth+}
 22700 | Gauntlet | Received a gift from Okawaru
 22951 | Orc:1    | Found a roughly hewn altar of Beogh.
 23029 | Orc:2    | Bought a spiked cloak for 323 gold pieces
 23041 | Orc:2    | Identified the +1 cloak of Facy {+Inv rCorr Str-3 Int+3}
                  | (You bought it in a shop on level 2 of the Orcish Mines)
 23108 | Orc:2    | Found Suariu Rice's Antique Weapon Shop.
 23118 | Orc:2    | Found Watz's Book Shop.
 23262 | Orc:2    | Killed an orc warlord
 23262 | Orc:2    | Reached skill level 19 in Shields
 23567 | Orc:2    | Bought 2 potions of might for 120 gold pieces
 24066 | Orc:1    | Found a large runed translucent door.
 24067 | Orc:1    | Found a large runed translucent door.
 24070 | Orc:1    | Noticed P0WERM0DE's ghost (novice DDFi)
 24089 | Orc:1    | Killed P0WERM0DE's ghost
 24405 | D:13     | Noticed Urug
 24415 | D:13     | Killed Urug
 24966 | D:13     | Found a runed translucent gate.
 24968 | D:13     | Found a runed translucent gate.
 24970 | D:13     | Found a runed translucent gate.
 24974 | D:13     | Noticed Onnoawot's ghost (journeyman DEEE)
 25005 | D:13     | Received a gift from Okawaru
 25041 | D:13     | Found a blossoming altar of Fedhas.
 25146 | D:13     | Found a roughly hewn altar of Beogh.
 25149 | D:13     | Identified the cursed +1 hunting sling of Gallantry
                  | {velocity, *Contam MR+ Dex+4}
 25167 | D:13     | Killed Onnoawot's ghost
 25291 | D:14     | Found a gate to the Vaults.
 25729 | D:14     | Found Loaplus's Demolitions Depot.
 25780 | D:14     | Received a gift from Okawaru
 25808 | D:14     | Reached skill level 20 in Shields
 26357 | D:15     | Entered Level 15 of the Dungeon
 26370 | D:15     | Noticed Rupert
 26383 | D:15     | Paralysed by Rupert for 3 turns
 26410 | D:15     | Killed Rupert
 26410 | D:15     | Reached XP level 16. HP: 59/146 MP: 16/16
 26731 | D:15     | Found a staircase to the Depths.
 26803 | D:15     | Identified 2 scrolls of acquirement
 26949 | D:15     | Received a gift from Okawaru
 27326 | D:15     | Noticed Azrael
 27336 | D:15     | Killed Azrael
 27932 | D:15     | Found a shadowy altar of Dithmenos.
 28693 | D:9      | You fall through a shaft!
 28746 | D:11     | You fall through a shaft!
 28955 | Swamp:1  | Entered Level 1 of the Swamp
 28991 | Swamp:1  | Got an encrusted scale mail
 29161 | Swamp:1  | Noticed Kirke
 29170 | Swamp:1  | Noticed Frances
 29181 | Swamp:1  | HP: 3/147 [hog[Kirke] (9)]
 29181 | Swamp:1  | Demolished by a spriggan rider

Skill      XL: |  1  2  3  4  5  6  7  8  9 10 11 12 13 14 15 16 |
---------------+-------------------------------------------------+-----
Fighting       | 4 5 6 7 8 9 10 11 12 14 | 14.6
Armour         | 4 5 6 7 8 9 10 11 12 13 14 | 14.1
Shields        | 4 5 6 8 10 12 14 15 17 18 20 | 20.6
Long Blades    | 3 4 5 7 9 10 11 12 14 15 16 17 | 17.9
Dodging        | 1 2 3 4 5 |  5.2
Invocations    | 1 |  1.9
Stealth        | 1 |  1.9
Evocations     | |  0.5

Action                   |  1- 3 |  4- 6 |  7- 9 | 10-12 | 13-15 | 16-18 || total
-------------------------+-------+-------+-------+-------+-------+-------++-------
Melee: Long sword        |    75 |   137 |   434 |   410 |    85 |       ||  1141
       Headbutt          |    14 |    30 |    92 |   213 |   336 |    74 ||   759
       Double sword      |       |       |       |   342 |   865 |   213 ||  1420
       Demon blade       |       |       |       |   131 |   138 |       ||   269
       Scimitar          |       |       |       |       |       |     5 ||     5
       Unarmed           |       |       |       |       |       |     3 ||     3
Invok: Heroism           |       |       |       |     3 |     7 |       ||    10
       Finesse           |       |       |       |     1 |       |       ||     1
Evoke: Wand              |       |       |       |     1 |     6 |       ||     7
  Use: Scroll            |       |     2 |       |    21 |    14 |     4 ||    41
       Potion            |       |       |       |       |     4 |       ||     4
  Eat: Chunk             |       |     5 |    15 |    34 |    27 |     3 ||    84
       Ration            |       |       |       |       |     3 |     2 ||     5
Armor: Scale mail        |    20 |       |       |       |       |       ||    20
       Chain mail        |    29 |    61 |   147 |   238 |    84 |     8 ||   567
       Plate armour      |       |       |       |       |   258 |    33 ||   291
Dodge: Dodged            |    22 |    62 |    95 |   196 |   236 |    50 ||   661
Block: Shield            |    45 |    70 |   309 |   904 |  1187 |   178 ||  2693
       Reflection        |       |       |     5 |    25 |    45 |    15 ||    90
       Other             |       |       |       |       |       |     5 ||     5
       Rpst.: Long sword |     5 |    15 |    32 |    18 |     2 |       ||    72
       Double sword      |       |       |       |    13 |    46 |     8 ||    67
       Demon blade       |       |       |       |     4 |     6 |       ||    10
